[ AOE2 MATCH · #507269176 ]
UnrankedJapanese vs Maya
Player's team · LOSS
[ REPLAY ANALYSIS · EXTRACTED FROM THE RECORDED GAME ]
Feudal
11:08
Castle
—
Imperial
—
| APM avg | 41.1 |
| APM peak | 74 |
| eAPM avg | 22.7 |
| Villagers / military | 37 / 12 |
Focus
⚔️ 18.9% · 🌾 81.1%
Skirmisher ×7 · Militia ×3 · Archer ×2
Feudal
10:32
Castle
18:39
Imperial
—
| APM avg | 54.1 |
| APM peak | 95 |
| eAPM avg | 27.6 |
| Villagers / military | 35 / 16 |
Focus
⚔️ 42.6% · 🌾 57.4%
Archer ×12 · Militia ×3 · Skirmisher ×1
Match map
Initial resources + every placement click. Lines = walls · curves = elevation contours. ◆ gold · ⬟ stone · ● berries · ✦ relic · ◌ wall gap
Your base· Open — unwalled flank
Jaco's base· Open — unwalled flank
Smoothed initial terrain · ◌ = detected wall gap · hover for details
Inputs per minute
— PacmanStally - - Jaco
Build order — PacmanStally
108 actions detected in the replay
| 0:01 | Queue | Villager (Male) |
| 0:01 | Queue | Villager (Male) |
| 0:01 | Queue | Villager (Male) |
| 0:01 | Queue | Villager (Male) |
| 0:02 | Build | House |
| 0:04 | Build | House |
| 1:32 | Queue | Villager (Male) |
| 1:56 | Queue | Villager (Male) |
| 2:02 | Build | Lumber Camp |
| 2:06 | Queue | Villager (Male) |
| 3:00 | Queue | Villager (Male) |
| 3:20 | Queue | Villager (Male) |
| 3:39 | Queue | Villager (Male) |
| 3:39 | Queue | Villager (Male) |
| 3:39 | Queue | Villager (Male) |
| 4:00 | Build | House |
| 4:02 | Build | House |
| 4:04 | Build | Palisade Wall |
| 4:05 | Build | Palisade Wall |
| 4:06 | Build | Palisade Wall |
| 4:15 | Queue | Villager (Male) |
| 4:57 | Queue | Villager (Male) |
| 5:13 | Build | Barracks |
| 5:22 | Queue | Villager (Male) |
| 5:24 | Queue | Villager (Male) |
| 5:36 | Queue | Villager (Male) |
| 5:37 | Research | Loom |
| 6:00 | Build | Mill |
| 7:04 | Build | Mining Camp |
| 7:16 | Queue | Villager (Male) |
| 7:43 | Queue | Villager (Male) |
| 7:57 | Build | Mill |
| 8:19 | Build | House |
| 8:21 | Build | Palisade Wall |
| 8:21 | Build | Palisade Wall |
| 8:26 | Queue | Villager (Male) |
| 8:29 | Build | Palisade Wall |
| 8:30 | Build | Palisade Wall |
| 8:48 | Build | Palisade Wall |
| 8:51 | Build | Palisade Wall |
| 8:58 | Research | Feudal Age |
| 9:37 | Queue | Militia |
| 9:37 | Queue | Militia |
| 9:48 | Build | Farm |
| 9:51 | Build | Farm |
| 10:00 | Queue | Militia |
| 10:07 | Build | Farm |
| 10:23 | Build | House |
| 10:27 | Build | House |
| 10:31 | Queue | Villager (Male) |
| 11:08 | Age | Feudal Age |
| 11:18 | Build | Farm |
| 11:25 | Research | Man-at-Arms (upgrade) |
| 11:42 | Build | Archery Range |
| 11:49 | Build | Farm |
| 12:27 | Queue | Archer |
| 12:29 | Queue | Villager (Male) |
| 12:29 | Queue | Villager (Male) |
| 12:41 | Queue | Villager (Male) |
| 13:00 | Build | Blacksmith |
| 13:02 | Build | Palisade Wall |
| 13:15 | Queue | Villager (Male) |
| 13:49 | Build | House |
| 13:51 | Build | House |
| 14:00 | Queue | Villager (Male) |
| 14:08 | Queue | Skirmisher |
| 14:11 | Build | House |
| 14:12 | Build | House |
| 14:19 | Queue | Villager (Male) |
| 14:23 | Build | Farm |
| 14:29 | Build | Farm |
| 14:30 | Build | Farm |
| 14:41 | Queue | Skirmisher |
| 14:47 | Research | Fletching |
| 14:56 | Build | Palisade Wall |
| 15:04 | Queue | Villager (Male) |
| 15:17 | Queue | Skirmisher |
| 15:30 | Build | Palisade Wall |
| 15:32 | Build | Palisade Wall |
| 15:33 | Build | Palisade Wall |
| 15:34 | Queue | Villager (Male) |
| 15:36 | Build | Farm |
| 15:37 | Queue | Skirmisher |
| 15:43 | Build | Palisade Gate |
| 15:49 | Queue | Archer |
| 15:50 | Queue | Villager (Male) |
| 16:09 | Research | Double-Bit Axe |
| 16:11 | Queue | Villager (Male) |
| 16:32 | Build | Farm |
| 16:35 | Build | Farm |
| 16:38 | Queue | Villager (Male) |
| 16:44 | Queue | Skirmisher |
| 17:01 | Build | Palisade Wall |
| 17:12 | Queue | Villager (Male) |
| 17:14 | Build | Farm |
| 17:16 | Queue | Skirmisher |
| 17:27 | Build | House |
| 17:34 | Queue | Villager (Male) |
| 17:36 | Build | Farm |
| 17:49 | Queue | Villager (Male) |
| 17:51 | Queue | Skirmisher |
| 18:06 | Build | Lumber Camp |
| 18:19 | Queue | Villager (Male) |
| 18:22 | Build | Market |
| 18:25 | Build | House |
| 18:43 | Queue | Villager (Male) |
| 18:49 | Build | House |
| 18:51 | Build | House |
Build order — Jaco
100 actions detected in the replay
| 0:00 | Research | Loom |
| 0:01 | Queue | Villager (Male) |
| 0:01 | Queue | Villager (Male) |
| 0:01 | Queue | Villager (Male) |
| 0:02 | Build | House |
| 0:04 | Build | House |
| 1:25 | Queue | Villager (Male) |
| 1:49 | Build | Lumber Camp |
| 2:03 | Queue | Villager (Male) |
| 2:03 | Queue | Villager (Male) |
| 2:07 | Queue | Villager (Male) |
| 2:57 | Queue | Villager (Male) |
| 2:57 | Queue | Villager (Male) |
| 3:30 | Queue | Villager (Male) |
| 3:58 | Build | House |
| 3:59 | Queue | Villager (Male) |
| 4:21 | Build | House |
| 4:33 | Queue | Villager (Male) |
| 4:34 | Queue | Villager (Male) |
| 5:11 | Build | Barracks |
| 5:20 | Build | House |
| 5:29 | Queue | Villager (Male) |
| 5:48 | Queue | Villager (Male) |
| 6:01 | Queue | Villager (Male) |
| 6:08 | Queue | Militia |
| 6:08 | Queue | Militia |
| 6:36 | Queue | Villager (Male) |
| 6:42 | Build | Mill |
| 6:53 | Queue | Militia |
| 7:00 | Queue | Villager (Male) |
| 7:25 | Build | Farm |
| 7:38 | Queue | Villager (Male) |
| 7:50 | Build | Farm |
| 8:22 | Research | Feudal Age |
| 9:00 | Build | Lumber Camp |
| 9:42 | Build | Mining Camp |
| 10:12 | Queue | Villager (Male) |
| 10:32 | Age | Feudal Age |
| 10:34 | Build | Archery Range |
| 10:44 | Queue | Villager (Male) |
| 11:05 | Build | Farm |
| 11:06 | Queue | Villager (Male) |
| 11:08 | Build | House |
| 11:29 | Build | Farm |
| 11:30 | Queue | Archer |
| 11:30 | Queue | Archer |
| 11:43 | Queue | Villager (Male) |
| 11:49 | Build | Farm |
| 12:10 | Queue | Villager (Male) |
| 12:12 | Build | Farm |
| 12:13 | Queue | Villager (Male) |
| 12:23 | Queue | Archer |
| 12:41 | Queue | Villager (Male) |
| 12:42 | Build | Farm |
| 12:54 | Build | House |
| 12:57 | Build | Farm |
| 13:14 | Build | Farm |
| 13:14 | Queue | Villager (Male) |
| 13:15 | Queue | Archer |
| 13:23 | Build | Farm |
| 13:24 | Queue | Villager (Male) |
| 13:39 | Build | Farm |
| 13:45 | Queue | Archer |
| 13:59 | Build | Farm |
| 14:01 | Queue | Villager (Male) |
| 14:35 | Queue | Villager (Male) |
| 14:35 | Queue | Villager (Male) |
| 14:47 | Build | Blacksmith |
| 14:49 | Build | Blacksmith |
| 14:59 | Queue | Villager (Male) |
| 15:23 | Build | House |
| 15:28 | Build | Palisade Wall |
| 15:32 | Queue | Skirmisher |
| 15:34 | Queue | Villager (Male) |
| 15:49 | Research | Double-Bit Axe |
| 15:51 | Research | Horse Collar |
| 15:56 | Research | Castle Age |
| 16:11 | Queue | Archer |
| 16:47 | Queue | Archer |
| 16:50 | Build | Archery Range |
| 16:53 | Build | Archery Range |
| 16:55 | Build | Archery Range |
| 16:58 | Build | House |
| 17:08 | Research | Fletching |
| 17:10 | Queue | Archer |
| 17:33 | Research | Gold Mining |
| 17:42 | Queue | Archer |
| 17:46 | Queue | Archer |
| 17:47 | Queue | Archer |
| 18:03 | Queue | Archer |
| 18:06 | Queue | Villager (Male) |
| 18:17 | Build | Palisade Wall |
| 18:19 | Build | Palisade Wall |
| 18:28 | Build | House |
| 18:30 | Build | House |
| 18:39 | Age | Castle Age |
| 18:42 | Research | Bodkin Arrow |
| 18:42 | Research | Bodkin Arrow |
| 18:46 | Research | Crossbowman (upgrade) |
| 18:59 | Queue | Villager (Male) |
Match timeline
| 4:04 | PacmanStally · wall_segment Palisade Wall x1 |
| 4:05 | PacmanStally · wall_segment Palisade Wall x1 |
| 4:06 | PacmanStally · wall_segment Palisade Wall x1 |
| 5:11 | Jaco · first_building Barracks |
| 5:13 | PacmanStally · first_building Barracks |
| 8:21 | PacmanStally · wall_segment Palisade Wall x1 |
| 8:21 | PacmanStally · wall_segment Palisade Wall x1 |
| 8:29 | PacmanStally · wall_segment Palisade Wall x1 |
| 8:30 | PacmanStally · wall_segment Palisade Wall x1 |
| 8:48 | PacmanStally · wall_segment Palisade Wall x1 |
| 8:51 | PacmanStally · wall_segment Palisade Wall x1 |
| 10:32 | Jaco · age_up feudal |
| 10:34 | Jaco · first_building Archery Range |
| 11:08 | PacmanStally · age_up feudal |
| 11:42 | PacmanStally · first_building Archery Range |
| 13:02 | PacmanStally · wall_segment Palisade Wall x11 |
| 14:56 | PacmanStally · wall_segment Palisade Wall x6 |
| 15:28 | Jaco · wall_segment Palisade Wall x1 |
| 15:30 | PacmanStally · wall_segment Palisade Wall x1 |
| 15:32 | PacmanStally · wall_segment Palisade Wall x1 |
| 15:33 | PacmanStally · wall_segment Palisade Wall x5 |
| 17:01 | PacmanStally · wall_segment Palisade Wall x6 |
| 18:17 | Jaco · wall_segment Palisade Wall x10 |
| 18:19 | Jaco · wall_segment Palisade Wall x5 |
| 18:39 | Jaco · age_up castle |
| 19:12 | PacmanStally · resign |
[ AI ANALYSIS · 1 CREDIT ]
What really happened in this match?
Wolo.gg analyzes every decision: build order, eco, micro, common mistakes by bracket. Personalized analysis on WhatsApp or Discord in 30 seconds.
Civ guide
Japanese
Perfil
Jugador #335722